Map: [TLMC15] Curious Minds

Players

Reynor - Winner!

  • Race: Zerg Zerg
  • League: Master

MarineLorD

  • Race: Terran Terran
  • League: Master

VOD

Have the link to the VOD?

Description

Time

  • Played on: Oct. 21, 2021, 10:36 a.m.
  • Length: 10:08
Show
View Real Time Build Order
Export as new Build Order

Reynor Zerg - Winner!

Build Orders: Hatch First 

Get SALT Encoding   

  12  0:00  Drone  
  13  0:11  Overlord  
  13  0:16  Drone  
  14  0:30  Drone x2  
  16  0:47  Hatchery  
  15  0:50  Drone  
  15  0:54  Drone  
  18  0:57  Drone  
  18  1:08  Extractor  
  17  1:13  Spawning Pool  
  17  1:16  Drone  
  17  1:20  Drone  
  18  1:27  Drone  
  19  1:38  Drone  
  20  1:49  Overlord  
  20  1:59  Queen x2  
  20  2:00  Zergling x4  
  26  2:10  Drone x2  
  26  2:12  Metabolic Boost  
  28  2:20  Drone  
  28  2:21  Drone  
  30  2:35  Queen, Overlord  
  30  2:37  Drone  
  33  2:39  Queen  
  33  2:42  Drone  
  36  2:54  Overlord  
  36  2:55  Drone x2  
  38  3:05  Drone  
  37  3:14  Drone  
  37  3:15  Hatchery  
  37  3:16  Overlord  
  37  3:17  Drone  
  37  3:19  Queen  
  38  3:23  Drone  
  38  3:26  Zergling x4  
  43  3:29  Drone  
  44  3:35  Drone  
  44  3:39  Overlord  
  44  3:40  Queen  
  44  3:41  Drone  
  48  3:44  Drone  
  48  3:47  Drone x2  
  51  3:49  Drone  
  52  3:57  Queen, Overlord  
  52  4:00  Drone x2  
  52  4:02  Drone  
  57  4:08  Overlord  
  56  4:10  Drone  
  57  4:18  Zergling x2  
  57  4:20  Queen  
  60  4:24  Zergling x4  
  60  4:26  Drone x3  
  60  4:28  Drone  
  60  4:31  Drone, Spore Crawler  
  65  4:33  Drone, Spore Crawler  
  65  4:34  Spore Crawler  
  65  4:35  Zergling x2  
  65  4:38  Overlord  
  66  4:39  Drone  
  66  4:46  Drone x2  
  68  4:53  Drone x3  
  68  4:56  Zergling x4  
  73  5:00  Drone x2  
  73  5:01  Drone  
  73  5:02  Drone x2  
  78  5:07  Queen  
  78  5:10  Drone x2, Spore Crawler  
  81  5:14  Zergling x2, Evolution Chamber  
  81  5:15  Evolution Chamber  
  81  5:16  Drone x2  
  81  5:18  Drone  
  83  5:24  Zergling x4  
  83  5:27  Drone x3  
  88  5:33  Overlord  
  88  5:35  Drone x2  
  88  5:38  Overlord  
  90  5:43  Zerg Melee Weapons Level 1, Zerg Ground Armor Level 1  
  90  5:44  Extractor  
  90  5:45  Overlord, Extractor  
  90  5:48  Drone x2  
  90  5:51  Overlord  
  90  5:52  Drone x4, Hatchery  
  90  5:53  Spore Crawler  
  92  5:57  Spore Crawler, Extractor  
  92  5:59  Zergling x6  
  92  6:02  Drone x2  
  95  6:06  Overlord  
  95  6:07  Drone  
  95  6:08  Drone x2  
  95  6:11  Zergling x2  
  98  6:12  Drone x2, Lair  
  100  6:20  Zergling x8  
  100  6:23  Overlord  
  104  6:26  Baneling Nest  
  104  6:29  Drone x3  
  104  6:30  Drone  
  104  6:32  Zergling x2  
  108  6:37  Queen, Zergling x2  
  110  6:40  Zergling x2  
  110  6:41  Zergling x2  
  110  6:42  Overlord  
  110  6:43  Zergling x4  
  110  6:45  Drone x3  
  116  6:47  Overlord  
  116  6:53  Drone x3  
  117  6:55  Drone x2  
  117  6:56  Spore Crawler  
  117  6:59  Drone  
  119  7:06  Overlord  
  119  7:08  Drone x2  
  121  7:11  Drone  
  121  7:15  Drone x2  
  122  7:17  Drone  
  122  7:18  Drone x2, Centrifugal Hooks  
  122  7:21  Drone x2, Queen  
  127  7:24  Zergling x6  
  127  7:25  Pneumatized Carapace  
  127  7:26  Zergling x4  
  132  7:31  Hatchery  
  132  7:35  Zergling x6  
  134  7:38  Zergling x2  
  134  7:39  Zerg Ground Armor Level 2, Zerg Melee Weapons Level 2  
  134  7:40  Zergling x2  
  134  7:43  Zergling x2  
  137  7:46  Zergling x2  
  137  7:48  Overlord  
  138  7:54  Drone  
  138  7:56  Zergling x8  
  138  7:57  Queen, Overlord  
  144  7:59  Zergling x6  
  144  8:02  Hatchery  
  144  8:03  Zergling x6  
  144  8:05  Zergling x4  
  152  8:08  Zergling x4  
  153  8:17  Zergling x4  
  153  8:18  Zergling x4  
  153  8:19  Zergling x6  
  156  8:25  Baneling x12  
  156  8:26  Zergling x6  
  159  8:27  Overlord  
  159  8:29  Zergling x2  
  159  8:30  Zergling x4  
  159  8:33  Baneling x14  
  163  8:34  Zergling x4  
  163  8:38  Zergling x4  
  163  8:40  Zergling x6  
  169  8:43  Extractor, Overlord  
  169  8:45  Zergling x2  
  167  8:58  Zergling x14  
  167  8:59  Baneling x8  
  167  9:00  Baneling x3  
  167  9:02  Zergling x8  
  174  9:06  Extractor  
  174  9:08  Zergling x4, Extractor  
  170  9:14  Zergling x6  
  170  9:15  Queen  
  146  9:17  Zergling x2  
  146  9:18  Zergling x12  
  146  9:21  Zergling x2  
  151  9:26  Zergling x2  
  151  9:27  Zergling x4  
  151  9:28  Baneling x6, Zergling x4  
  151  9:29  Baneling x7, Zergling x2  
  153  9:34  Drone x2, Spore Crawler  
  153  9:35  Drone, Spore Crawler  
  153  9:36  Zergling x2  
  153  9:38  Zergling x6  
  151  9:40  Zergling x6  
  151  9:44  Zergling x8  
  151  9:45  Infestation Pit  
  157  9:47  Drone  
  157  9:51  Zergling x2  
Show
View Real Time Build Order
Export as new Build Order

MarineLorD Terran 

Build Orders: Reaper Expand, Hellion Banshee 

Get SALT Encoding   

  12  0:00  SCV  
  13  0:12  SCV  
  14  0:16  Supply Depot  
  14  0:24  SCV  
  15  0:38  SCV  
  15  0:39  Barracks  
  15  0:42  Refinery  
  16  0:50  SCV  
  17  1:02  SCV  
  18  1:14  SCV  
  19  1:26  Reaper  
  19  1:27  Orbital Command  
  20  1:39  Command Center  
  20  1:51  Supply Depot  
  20  1:52  SCV  
  21  1:58  Marine  
  22  2:04  SCV  
  23  2:15  Factory  
  23  2:16  Marine, SCV  
  25  2:28  SCV  
  26  2:35  Barracks Reactor  
  26  2:40  SCV  
  27  2:46  Command Center  
  27  2:52  SCV  
  27  2:53  Orbital Command  
  28  3:04  SCV  
  29  3:09  Starport  
  29  3:13  Refinery  
  29  3:17  SCV  
  29  3:19  Barracks Tech Lab, SCV  
  31  3:24  Hellion  
  31  3:25  Hellion  
  35  3:29  SCV  
  35  3:31  SCV  
  37  3:41  SCV  
  38  3:43  SCV  
  38  3:46  Hellion x2  
  43  3:52  Hyperflight Rotors  
  43  3:53  SCV  
  43  3:55  SCV  
  45  4:04  Orbital Command  
  45  4:05  SCV  
  45  4:07  SCV  
  46  4:13  Hellion x2, Banshee  
  53  4:18  Supply Depot  
  53  4:20  SCV  
  53  4:21  SCV  
  53  4:23  Barracks Tech Lab  
  55  4:30  SCV  
  56  4:33  SCV x2  
  56  4:35  Supply Depot  
  58  4:41  Supply Depot  
  58  4:42  SCV, Hellion  
  58  4:43  Hellion  
  58  4:44  Marine  
  58  4:45  SCV, Stimpack  
  65  4:48  SCV  
  66  4:57  SCV, Orbital Command  
  66  4:59  Supply Depot  
  67  5:02  Marine  
  67  5:03  Supply Depot, Banshee  
  71  5:07  SCV  
  71  5:09  SCV  
  71  5:12  Factory Reactor  
  73  5:16  Barracks  
  73  5:17  Barracks  
  73  5:19  Marine, SCV  
  76  5:21  SCV  
  76  5:23  Engineering Bay  
  76  5:24  Engineering Bay  
  76  5:25  SCV  
  76  5:26  Refinery x2  
  77  5:31  SCV  
  76  5:37  Marine  
  76  5:39  SCV x2  
  79  5:43  SCV  
  79  5:45  Barracks  
  79  5:46  Barracks  
  79  5:47  Supply Depot  
  80  5:50  Supply Depot  
  80  5:51  Supply Depot  
  80  5:55  SCV x2  
  80  5:56  SCV  
  83  5:59  Marine  
  83  6:01  Terran Infantry Weapons Level 1, Terran Infantry Armor Level 1  
  83  6:03  Starport Reactor  
  84  6:07  SCV x2  
  84  6:09  Marine x2, SCV  
  89  6:17  Marine  
  90  6:19  SCV x2  
  90  6:21  Marine x2, SCV  
  90  6:25  Combat Shield  
  95  6:27  Marine x2  
  95  6:31  SCV x2  
  99  6:33  SCV  
  99  6:34  Barracks Reactor  
  99  6:35  Marine, Barracks Reactor  
  99  6:38  Siege Tank  
  99  6:39  Marine x2  
  105  6:44  Medivac x2  
  105  6:45  Marine x2  
  112  6:51  SCV x2  
  112  6:52  Marine  
  112  6:56  SCV  
  112  6:57  Marine x2, Refinery  
  112  6:58  Factory  
  115  7:03  Marine x2, SCV  
  118  7:10  Marine, Armory  
  118  7:11  Marine, Supply Depot, Command Center  
  118  7:12  Marine, Supply Depot x2  
  118  7:15  Marine x4  
  117  7:20  Marine  
  117  7:21  Marine  
  113  7:28  Marine  
  113  7:29  Marine  
  115  7:30  Marine, Siege Tank, Bunker  
  115  7:31  Medivac x2  
  115  7:33  Marine x2  
  115  7:34  Marine  
  115  7:35  Marine, Refinery  
  127  7:38  SCV x2  
  127  7:39  Marine  
  127  7:40  Marine  
  131  7:46  Marine  
  131  7:47  Marine  
  131  7:48  Marine  
  131  7:50  Marine  
  131  7:51  Marine  
  136  7:52  Marine  
  136  7:53  Marine  
  136  7:54  Factory Reactor  
  136  7:57  Marine  
  136  7:58  Marine  
  140  8:04  Marine  
  140  8:05  Marine  
  142  8:06  Marine  
  142  8:08  Marine x2  
  142  8:09  Marine  
  142  8:10  Marine  
  142  8:11  Supply Depot, Drilling Claws  
  142  8:12  Supply Depot x2  
  147  8:15  Marine x2  
  149  8:21  Siege Tank  
  149  8:22  Marine x2  
  149  8:23  Marine  
  149  8:25  Supply Depot  
  149  8:26  Marine, Supply Depot  
  153  8:28  Marine  
  153  8:29  Marine  
  155  8:35  SCV x2  
  155  8:36  Marine x2  
  155  8:39  Marine  
  155  8:41  Marine x2  
  162  8:42  Marine  
  162  8:45  Marine x2  
  162  8:46  Marine  
  165  8:54  Marine x2  
  166  8:57  Marine  
  166  8:58  Marine x2  
  166  8:59  Marine  
  166  9:02  Planetary Fortress  
  167  9:03  Marine x2  
  167  9:04  Marine  
  167  9:06  Medivac x2  
  174  9:11  Marine  
  174  9:12  Marine  
  174  9:15  Marine  
  174  9:16  Marine x2  
  148  9:17  Marine  
  148  9:21  Marine x2, Widow Mine x2  
  148  9:22  Marine  
  136  9:29  Marine x2  
  116  9:33  Marine  
  116  9:34  Marine x2, SCV x2  
  116  9:35  Marine  
  116  9:39  Marine x2, SCV  
  116  9:40  Marine  
  116  9:44  Widow Mine x3  
  126  9:47  Marine x2  
  126  9:49  SCV x2  
Tags
 
Add a new tag
Caveats
  • Supply blocks, unpowered buildings, or Contaminate may cause inaccurate times.
  • Supply counts are checked every 10 seconds.